[Event "January 2 Late 2024"]
[Site "https://www.chess.com"]
[Date "2024.01.02"]
[Round "4"]
[White "Van Foreest, Jorden"]
[Black "Cabarkapa, Novak"]
[Result "1-0"]
[Board "15"]
[TimeControl "180+1"]
[WhiteFideId "1039784"]
[BlackFideId "943746"]
[WhiteElo "3004"]
[BlackElo "2819"]
[WhiteTeam "NED"]
[BlackTeam "SRB"]
[WhiteClock "0:01:27"]
[BlackClock "0:00:06"]

1. e4 e6 2. d4 d5 3. Nc3 Nf6 4. Qd3 dxe4 5. Nxe4 Bd7 6. Nf3 Nxe4 7. Qxe4 Bc6 8. Qg4 h5 9. Qf4 Nd7 10. Bd3 Bd6 11. Qe3 Nf6 12. Qe2 Qe7 13. Bg5 O-O-O 14. O-O-O Kb8 15. Kb1 Qe8 16. Rhg1 Be7 17. Ne5 Nd5 18. Bc1 h4 19. Be4 f5 20. Bf3 g5 21. Nxc6+ Qxc6 22. c4 g4 23. Bxd5 exd5 24. Qxe7 dxc4 25. Rge1 Qxg2 26. Bf4 Qc6 27. d5 Qb6 28. Re6 Qa5 29. d6 cxd6 30. Rexd6 Rxd6 31. Rxd6 Ka8 32. Rd7 c3 33. Rxb7 c2+ 34. Kxc2 Qa4+ 35. Kb1 Rc8 36. b3 Qd4 37. Rc7 Qd3+ 38. Kb2 Qd4+ 39. Ka3 Rxc7 40. Qxc7 a5 41. Qb8# 1-0

[Event "January 2 Late 2024"]
[Site "https://www.chess.com"]
[Date "2024.01.02"]
[Round "4"]
[White "Le, Tuan Minh"]
[Black "Song, Ethan"]
[Result "1-0"]
[Board "16"]
[TimeControl "180+1"]
[WhiteFideId "12401153"]
[BlackFideId "62900412"]
[WhiteElo "3003"]
[BlackElo "2763"]
[WhiteTeam "VIE"]
[BlackTeam "CAN"]
[WhiteClock "0:00:14"]
[BlackClock "0:00:19"]

1. d4 Nf6 2. Nf3 e6 3. Bf4 d5 4. e3 Bd6 5. Nbd2 O-O 6. Bd3 b6 7. Qe2 Bb7 8. O-O c5 9. c3 Nc6 10. Rad1 Qc7 11. Bxd6 Qxd6 12. e4 dxe4 13. Nxe4 Nxe4 14. Bxe4 Rad8 15. d5 exd5 16. Rxd5 Qf6 17. Rxd8 Nxd8 18. Rd1 Bxe4 19. Qxe4 Qe6 20. Qa4 Nc6 21. h3 h6 22. a3 Rc8 23. Qa6 Rc7 24. b4 cxb4 25. cxb4 Ne5 26. Nh2 Nc4 27. Nf1 Kh7 28. Ng3 Nb2 29. Rb1 Nc4 30. a4 Qg6 31. Rc1 Qe6 32. Nf1 Qc8 33. Qxc8 Rxc8 34. Ne3 Nd6 35. Rd1 Nc4 36. Rd7 Nxe3 37. fxe3 Rc4 38. Rxf7 Rxb4 39. Rxa7 Rb2 40. Kf1 Kg6 41. Ra6 Kh7 42. Ra7 Kg6 43. Rb7 Ra2 44. Rxb6+ Kf5 45. Rb4 g5 46. Rc4 Ke5 47. Kg1 h5 48. Kf1 Kf5 49. g4+ hxg4 50. hxg4+ Ke5 51. Ke1 Kd5 52. Rd4+ Ke5 53. Kd1 Ra3 54. Ke2 Ra2+ 55. Kf3 Ra1 56. Rb4 Rf1+ 57. Ke2 Rg1 58. Rb5+ Kf6 59. Kf3 Rf1+ 60. Kg3 Rg1+ 61. Kf3 Rf1+ 62. Kg2 Re1 63. Kf2 Ra1 64. a5 Ra2+ 65. Kf3 Kg6 66. Rb6+ Kf7 67. a6 Ke7 68. Rb7+ Ke6 69. a7 Ke5 70. Rh7 Kf6 71. Ke4 Ra4+ 72. Kd5 Kg6 73. Rc7 Ra5+ 74. Kc6 Ra4 75. Kb7 1-0

[Event "January 2 Late 2024"]
[Site "https://www.chess.com"]
[Date "2024.01.02"]
[Round "4"]
[White "Svane, Rasmus"]
[Black "Lie, Kjetil A."]
[Result "1-0"]
[Board "17"]
[TimeControl "180+1"]
[WhiteFideId "4657101"]
[BlackFideId "1501984"]
[WhiteElo "2998"]
[BlackElo "2757"]
[WhiteTeam "GER"]
[BlackTeam "NOR"]
[WhiteClock "0:00:07"]
[BlackClock "0:00:00"]

1. Nf3 c5 2. c4 Nc6 3. Nc3 Nf6 4. e3 e5 5. a3 d5 6. cxd5 Nxd5 7. Bb5 Nxc3 8. bxc3 Bd6 9. e4 O-O 10. O-O Be6 11. h3 Na5 12. d4 exd4 13. cxd4 cxd4 14. Nxd4 Bc4 15. Bxc4 Nxc4 16. Rb1 Rb8 17. Qb3 Nxa3 18. Bxa3 Bxa3 19. Rfd1 Qe7 20. Nc6 bxc6 21. Qxb8 Bc5 22. Qf4 h6 23. Ra1 Re8 24. Ra4 Bb6 25. g3 Qe6 26. Kg2 Qb3 27. Raa1 Qc2 28. Re1 g6 29. Qf3 Kg7 30. Re2 Qc4 31. Raa2 Bd4 32. Rac2 Qe6 33. h4 c5 34. h5 g5 35. Ra2 c4 36. Ra4 Rc8 37. Rc2 Bb6 38. Qc3+ Kh7 39. Rxc4 Re8 40. Qf3 Kg7 41. Ra4 Rd8 42. Rac4 g4 43. Qf4 Rd3 44. Rc6 Rf3 45. Rxe6 Rxf4 46. gxf4 fxe6 47. Kg3 Kf6 48. Kxg4 a5 49. e5+ Ke7 50. f5 exf5+ 51. Kxf5 Bd4 52. f4 Be3 53. Rc3 Bd2 54. Rc7+ Kd8 55. Ra7 1-0

[Event "January 2 Late 2024"]
[Site "https://www.chess.com"]
[Date "2024.01.02"]
[Round "4"]
[White "Kramnik, Vladimir"]
[Black "Araujo Sanchez, Josue"]
[Result "1/2-1/2"]
[Board "18"]
[TimeControl "180+1"]
[WhiteFideId "4101588"]
[BlackFideId "6416896"]
[WhiteElo "2988"]
[BlackElo "2699"]
[WhiteTeam "RUS"]
[BlackTeam "DOM"]
[WhiteClock "0:00:03"]
[BlackClock "0:00:15"]

1. c4 g6 2. Nc3 Bg7 3. d4 d6 4. e4 Nd7 5. Nge2 c5 6. Be3 Ngf6 7. f3 O-O 8. Qd2 cxd4 9. Nxd4 a6 10. Be2 Ne5 11. O-O Bd7 12. b3 Re8 13. Rfd1 Qa5 14. Rac1 h5 15. Qe1 Rec8 16. Kh1 b5 17. f4 Neg4 18. Bg1 e5 19. fxe5 Nxe5 20. cxb5 axb5 21. Ndxb5 Bxb5 22. Nxb5 Rxc1 23. Rxc1 Qxa2 24. Nxd6 Qxb3 25. h3 Qe6 26. Nb5 Rc8 27. Rxc8+ Qxc8 28. Bf1 Qc2 29. Nc3 Nd3 30. Bxd3 Qxd3 31. e5 Nd5 32. Nxd5 Qxd5 33. Bh2 Qe6 34. Bg3 Qb3 35. Kh2 Qd5 36. Qe3 Kh7 37. Bf4 Kg8 38. Qc3 Qa2 39. Qc8+ Kh7 40. Qd7 Qc4 41. Qd2 Qe4 42. Kh1 Bxe5 43. Bxe5 Qxe5 44. Qf2 Qa1+ 45. Kh2 Qe5+ 46. Kh1 Kg7 47. Qf3 Qf6 48. Qe4 Qa1+ 49. Kh2 Qa6 50. Kh1 Qf6 51. Kh2 h4 52. Qe2 Qf4+ 53. Kh1 g5 54. Qb5 Kg6 55. Qc6+ f6 56. Qe8+ Kf5 57. Qd7+ Ke5 58. Qc7+ Ke4 59. Qc6+ Ke3 60. Qc3+ Kf2 61. Qc2+ Kg3 62. Qd3+ Kf2 63. Qc2+ Ke1 64. Qb1+ Ke2 65. Qb5+ Kd1 66. Qd5+ Ke2 67. Qb5+ Ke1 68. Qa5+ Kf2 69. Qc5+ Qe3 70. Qf5+ Qf4 71. Qc2+ 1/2-1/2

[Event "January 2 Late 2024"]
[Site "https://www.chess.com"]
[Date "2024.01.02"]
[Round "4"]
[White "Adewumi, Tanitoluwa"]
[Black "Rasulov, Vugar"]
[Result "1-0"]
[Board "19"]
[TimeControl "180+1"]
[WhiteFideId "30966396"]
[BlackFideId "13402390"]
[WhiteElo "2694"]
[BlackElo "2983"]
[WhiteTeam "USA"]
[BlackTeam "AZE"]
[WhiteClock "0:00:07"]
[BlackClock "0:00:04"]

1. e4 c5 2. Nf3 Nc6 3. Bb5 d6 4. O-O Bd7 5. Re1 a6 6. Bf1 Bg4 7. c3 e5 8. h3 Bxf3 9. Qxf3 g6 10. Bc4 Qf6 11. Qg3 Bh6 12. d3 Bxc1 13. Rxc1 Qf4 14. Qxf4 exf4 15. Nd2 Nf6 16. a4 g5 17. Bb3 Ke7 18. Nc4 h5 19. Re1 Nd7 20. a5 g4 21. h4 Rad8 22. Rad1 Nde5 23. Nxe5 dxe5 24. Bd5 Rd6 25. Ra1 Rhd8 26. Ra4 R8d7 27. Rc4 Nxa5 28. Rxc5 b6 29. Rc8 Rd8 30. Rxd8 Kxd8 31. b4 Nc6 32. Ra1 a5 33. bxa5 Nxa5 34. Kf1 Ke7 35. Ke2 f5 36. Rb1 fxe4 37. Bxe4 Nc6 38. Rb5 Kf6 39. Kd2 Nd8 40. g3 Ne6 41. Kc2 Nc5 42. Rb4 f3 43. Kd2 Na6 44. Rb5 Nc5 45. Rb4 b5 46. Ke3 Ra6 47. Rxb5 Ra2 48. Bxf3 Nb3 49. Bd5 Ra5 50. Rxa5 Nxa5 51. Ke4 Ke7 52. Kxe5 Kd7 53. c4 Nb3 54. d4 Nc1 55. Kf4 Kd6 56. Kg5 Nd3 57. Kxh5 Nxf2 58. Kg5 Nd1 59. Kxg4 Ne3+ 60. Kg5 Nc2 61. h5 Nxd4 62. h6 Ke7 63. h7 1-0

[Event "January 2 Late 2024"]
[Site "https://www.chess.com"]
[Date "2024.01.02"]
[Round "4"]
[White "Anton Guijarro, David"]
[Black "Lamaze, Simon"]
[Result "1-0"]
[Board "20"]
[TimeControl "180+1"]
[WhiteFideId "2285525"]
[BlackFideId "36069264"]
[WhiteElo "2978"]
[BlackElo "2651"]
[WhiteTeam "ESP"]
[BlackTeam "FRA"]
[WhiteClock "0:00:48"]
[BlackClock "0:00:25"]

1. Nf3 Nf6 2. b3 d5 3. Bb2 c5 4. e3 Nc6 5. Bb5 Bd7 6. O-O e6 7. d3 Bd6 8. Nbd2 Qc7 9. c4 a6 10. Bxc6 Bxc6 11. cxd5 Nxd5 12. Ne4 f6 13. Rc1 b6 14. Nxd6+ Qxd6 15. d4 cxd4 16. Nxd4 Bb7 17. Qh5+ Kf8 18. Rfd1 Re8 19. Ne2 Qe7 20. e4 Nb4 21. Rc4 e5 22. Ba3 a5 23. Rdc1 Qf7 24. Qxf7+ Kxf7 25. Bxb4 Ba6 26. Rc7+ Kg6 27. Ng3 axb4 28. Nf5 Rhg8 29. Ne7+ Rxe7 30. Rxe7 Bd3 31. f3 Kg5 32. Rcc7 g6 33. Rxh7 Ra8 34. Ra7 Rc8 35. h4+ Kf4 36. Rhc7 Rh8 37. Kf2 f5 38. g3# 1-0

[Event "January 2 Late 2024"]
[Site "https://www.chess.com"]
[Date "2024.01.02"]
[Round "4"]
[White "Gubajdullin, Alexei"]
[Black "Matlakov, Maxim"]
[Result "1/2-1/2"]
[Board "21"]
[TimeControl "180+1"]
[WhiteFideId "4141202"]
[BlackFideId "4168003"]
[WhiteElo "2617"]
[BlackElo "2969"]
[WhiteTeam "RUS"]
[BlackTeam "RUS"]
[WhiteClock "0:00:06"]
[BlackClock "0:00:05"]

1. d4 Nf6 2. Nf3 d5 3. Bf4 Bf5 4. e3 e6 5. c4 Nbd7 6. Qb3 Bd6 7. c5 Bxf4 8. exf4 O-O 9. Nc3 c6 10. Ne5 Qc7 11. Qa4 Nxe5 12. fxe5 Nd7 13. Be2 b6 14. b4 a5 15. cxb6 Nxb6 16. Qb3 axb4 17. Qxb4 Rfb8 18. Qc5 Nd7 19. Qd6 Qa5 20. Rc1 c5 21. O-O cxd4 22. Nb5 Rxb5 23. Bxb5 Qxb5 24. Rc7 Nf8 25. Rfc1 d3 26. g4 Bg6 27. Rc8 Rxc8 28. Rxc8 Qb1+ 29. Kg2 Be4+ 30. f3 Bxf3+ 31. Kxf3 Qh1+ 32. Kg3 Qg1+ 33. Kh3 Qf1+ 34. Kg3 Qg1+ 35. Kh3 Qf1+ 36. Kg3 Qg1+ 1/2-1/2

[Event "January 2 Late 2024"]
[Site "https://www.chess.com"]
[Date "2024.01.02"]
[Round "4"]
[White "Lewicki, Miroslaw"]
[Black "Bok, Benjamin"]
[Result "1-0"]
[Board "22"]
[TimeControl "180+1"]
[WhiteFideId "1113380"]
[BlackFideId "1017063"]
[WhiteElo "2546"]
[BlackElo "2960"]
[WhiteTeam "POL"]
[BlackTeam "NED"]
[WhiteClock "0:00:04"]
[BlackClock "0:00:00"]

1. e4 c5 2. Nf3 d6 3. d4 cxd4 4. Nxd4 Nf6 5. Nc3 a6 6. Be2 e5 7. Nb3 Be7 8. O-O O-O 9. Be3 Be6 10. f4 exf4 11. Bxf4 Nc6 12. Kh1 Rc8 13. Nd4 Nxd4 14. Qxd4 d5 15. e5 Bc5 16. Qd3 Nd7 17. Rad1 Nb6 18. Qg3 Kh8 19. Ne4 Be7 20. Ng5 Bf5 21. Bd3 Bxd3 22. Rxd3 Rxc2 23. Nxh7 Kxh7 24. Qh3+ Kg8 25. Rg3 Rc6 26. Bh6 Rg6 27. e6 fxe6 28. Re1 Rff6 29. Bg5 Rf7 30. Bxe7 Rxg3 31. Bxd8 Rxh3 32. gxh3 Nc4 33. Rxe6 Rf2 34. b3 Nd2 35. Bc7 Nf3 36. Bg3 Rxa2 37. Rd6 d4 38. Rd7 b5 39. h4 Rb2 40. h5 Rxb3 41. h6 gxh6 42. Kg2 a5 43. Kh3 a4 44. Kg4 a3 45. Ra7 Nd2 46. Kf5 d3 47. Be5 Nc4 48. Bf6 Kf8 49. Ke6 Nb6 50. Rb7 Nc8 51. Rb8 1-0

[Event "January 2 Late 2024"]
[Site "https://www.chess.com"]
[Date "2024.01.02"]
[Round "4"]
[White "Kamsky, Gata"]
[Black "Sukandar, Irine Kharisma"]
[Result "1-0"]
[Board "23"]
[TimeControl "180+1"]
[WhiteFideId "2000024"]
[BlackFideId "7101937"]
[WhiteElo "2960"]
[BlackElo "2471"]
[WhiteTeam "USA"]
[BlackTeam "INA"]
[WhiteClock "0:01:06"]
[BlackClock "0:00:06"]

1. d4 Nf6 2. Bf4 b6 3. e3 Bb7 4. Nf3 e6 5. Nbd2 Be7 6. h3 O-O 7. a4 a6 8. Bd3 c5 9. O-O d6 10. Bh2 Nbd7 11. Re1 Rc8 12. c3 Re8 13. Qe2 Nb8 14. e4 cxd4 15. cxd4 g6 16. Bf4 Bf8 17. Rad1 Bg7 18. e5 Nd5 19. Bg5 Qd7 20. Ne4 dxe5 21. dxe5 h6 22. Bd2 Qxa4 23. Nd6 Ba8 24. Nxe8 Rxe8 25. Ra1 Qc6 26. Bxa6 Nxa6 27. Qxa6 Qc2 28. Qa4 Qxa4 29. Rxa4 Bc6 30. Ra7 Ne7 31. Nd4 Bd5 32. Bb4 Nc6 33. Nxc6 Bxc6 34. Bd6 b5 35. Rc1 Bd5 36. Rc5 Bc4 37. Rcc7 h5 38. Rxf7 Bh8 39. Rf6 Bxf6 40. exf6 e5 41. Rg7+ Kh8 42. f7 1-0

[Event "January 2 Late 2024"]
[Site "https://www.chess.com"]
[Date "2024.01.02"]
[Round "4"]
[White "Bardyk, Artem"]
[Black "Naroditsky, Daniel"]
[Result "0-1"]
[Board "24"]
[TimeControl "180+1"]
[WhiteFideId "34349979"]
[BlackFideId "2026961"]
[WhiteElo "2718"]
[BlackElo "3148"]
[WhiteTeam "RUS"]
[BlackTeam "USA"]
[WhiteClock "0:00:00"]
[BlackClock "0:01:35"]

1. e4 c5 2. c3 d6 3. d4 Nf6 4. Bd3 Nc6 5. Nf3 Bg4 6. d5 Bxf3 7. Qxf3 Ne5 8. Bb5+ Ned7 9. O-O a6 10. Be2 g6 11. a4 Bg7 12. Nd2 O-O 13. Nc4 b5 14. Nd2 c4 15. Qh3 Nc5 16. axb5 axb5 17. Rxa8 Qxa8 18. Qe3 Qa1 19. f4 Nfd7 20. Nf3 Nb3 21. e5 Ndc5 22. f5 Nxc1 23. Rxc1 Qxb2 24. f6 exf6 25. exd6 f5 26. Rd1 Ne4 27. d7 Qxc3 28. Qb6 Qf6 29. Qxb5 Nc3 30. Qxc4 Nxd1 31. Bxd1 Qb6+ 32. Kh1 Rd8 33. Qc8 Bf6 34. Qc6 Qb1 35. Qxf6 Qxd1+ 36. Ng1 Rxd7 37. Qb2 Qxd5 38. Qb8+ Kg7 39. Qg3 h5 40. h3 Qd6 41. Qb3 Qe6 42. Qb2+ Qf6 43. Qb3 Rd2 44. Nf3 Rb2 45. Qd3 h4 46. Ng1 Qe5 47. Qf3 Qe1 48. Qa8 Rb1 49. Qa7 Qxg1+ 50. Qxg1 Rxg1+ 51. Kxg1 Kf6 0-1

[Event "January 2 Late 2024"]
[Site "https://www.chess.com"]
[Date "2024.01.02"]
[Round "4"]
[White "Martinez Alcantara, Jose Eduardo"]
[Black "Makridis, Dimitrios"]
[Result "1-0"]
[Board "25"]
[TimeControl "180+1"]
[WhiteFideId "3805662"]
[BlackFideId "25864475"]
[WhiteElo "3046"]
[BlackElo "2715"]
[WhiteTeam "PER"]
[BlackTeam "GRE"]
[WhiteClock "0:00:19"]
[BlackClock "0:00:00"]

1. e4 c5 2. Nf3 d6 3. c3 Nf6 4. h3 g6 5. Bd3 Bg7 6. Bc2 O-O 7. O-O Nc6 8. d4 e5 9. d5 Ne7 10. a4 h6 11. Na3 Kh7 12. Nc4 Ne8 13. b4 cxb4 14. cxb4 f5 15. b5 fxe4 16. Nfd2 Bf5 17. Nxe4 Rc8 18. Ne3 Nf6 19. Nxf5 gxf5 20. Ng3 e4 21. Bb2 Nfxd5 22. Bxg7 Kxg7 23. Bb3 Nf6 24. Qd4 Kh7 25. Rad1 d5 26. Qxa7 f4 27. Nxe4 Nxe4 28. Bxd5 Nxd5 29. Qxb7+ Rc7 30. Qxd5 Qxd5 31. Rxd5 f3 32. b6 Rc2 33. g4 Rb2 34. a5 Ng5 35. Kh2 Ne4 36. Kg1 Re8 37. Rf5 Ng5 38. Kh2 Ree2 39. Kg3 Rec2 40. Rf4 Ra2 41. Rb4 Re2 42. b7 Ne4+ 43. Rxe4 Rxe4 44. b8=Q Ree2 45. Qb7+ 1-0

[Event "January 2 Late 2024"]
[Site "https://www.chess.com"]
[Date "2024.01.02"]
[Round "4"]
[White "Popilski, Gil"]
[Black "Makarian, Rudik"]
[Result "1/2-1/2"]
[Board "26"]
[TimeControl "180+1"]
[WhiteFideId "2809060"]
[BlackFideId "44105681"]
[WhiteElo "2683"]
[BlackElo "3026"]
[WhiteTeam "ISR"]
[BlackTeam "FID"]
[WhiteClock "0:00:12"]
[BlackClock "0:00:11"]

1. e4 c5 2. Nf3 d6 3. d4 cxd4 4. Nxd4 Nf6 5. Nc3 a6 6. Bd3 Nc6 7. Nxc6 bxc6 8. Qe2 g6 9. Bg5 Bg7 10. O-O O-O 11. Bc4 Nd7 12. Bb3 Nc5 13. Be3 Nxb3 14. axb3 a5 15. Qd2 Qc7 16. Bh6 Be6 17. Bxg7 Kxg7 18. Ne2 f6 19. Ra4 c5 20. Rfa1 Ra7 21. Nf4 Bf7 22. Rxa5 Rfa8 23. Rxa7 Rxa7 24. Ra3 Qb7 25. Nd5 Bxd5 26. exd5 Qa8 27. Rxa7 Qxa7 28. Qe1 Kf8 29. h3 Qa2 30. Qc1 g5 31. Kh2 h5 32. h4 gxh4 33. Qh6+ Ke8 34. Qxh5+ Kd8 35. Qh8+ Kd7 36. Qxh4 Qxb2 37. Qg4+ Kd8 38. Qe4 Qc1 39. f4 Qd2 40. Kg3 Qc3+ 41. Kg4 Qd2 42. Kf5 Qd1 43. g4 Ke8 44. g5 Qh5 45. Qe6 Qh7+ 46. Kg4 Qxc2 47. gxf6 Qg6+ 48. Kf3 Qxf6 49. Qxf6 exf6 50. Kg4 Kf8 51. Kh5 Kg7 52. f5 Kh7 53. Kg4 Kg7 54. Kh5 Kh7 55. Kg4 Kg7 56. Kh5 1/2-1/2

[Event "January 2 Late 2024"]
[Site "https://www.chess.com"]
[Date "2024.01.02"]
[Round "4"]
[White "Kollars, Dmitrij"]
[Black "Rosen, Eric"]
[Result "1-0"]
[Board "27"]
[TimeControl "180+1"]
[WhiteFideId "12909572"]
[BlackFideId "2032562"]
[WhiteElo "2998"]
[BlackElo "2677"]
[WhiteTeam "GER"]
[BlackTeam "USA"]
[WhiteClock "0:00:05"]
[BlackClock "0:00:00"]

1. e4 c5 2. c3 d5 3. exd5 Qxd5 4. d4 Nf6 5. Nf3 e6 6. Na3 Nc6 7. Nb5 Qd8 8. dxc5 Bxc5 9. Qxd8+ Kxd8 10. b4 Bb6 11. a4 Ne4 12. Ng5 Nxf2 13. Nxf7+ Ke7 14. Nxh8 Nxh1 15. Bg5+ Kf8 16. a5 Bf2+ 17. Ke2 e5 18. Nd6 Be6 19. Kd2 Kg8 20. Bb5 a6 21. Ba4 h6 22. Nxb7 hxg5 23. Bxc6 Rc8 24. Be4 Rxc3 25. Rxh1 Rc4 26. Nd6 Rxb4 27. Ng6 Bc5 28. Ne7+ Kh8 29. Ng6+ Kg8 30. Ne7+ 1-0

[Event "January 2 Late 2024"]
[Site "https://www.chess.com"]
[Date "2024.01.02"]
[Round "4"]
[White "Jakubowski, Krzysztof"]
[Black "Alekseenko, Kirill"]
[Result "0-1"]
[Board "28"]
[TimeControl "180+1"]
[WhiteFideId "1112848"]
[BlackFideId "4135539"]
[WhiteElo "2661"]
[BlackElo "2931"]
[WhiteTeam "POL"]
[BlackTeam "AUT"]
[WhiteClock "0:00:09"]
[BlackClock "0:00:30"]

1. e4 e5 2. Nf3 Nc6 3. Bc4 Bc5 4. d3 Nf6 5. O-O d6 6. c3 h6 7. h3 Bb6 8. a4 O-O 9. Nbd2 a5 10. Re1 Ne7 11. Bb3 Be6 12. Nc4 Bc5 13. Be3 Bxe3 14. Nxe3 Qd7 15. d4 exd4 16. Nxd4 Nxe4 17. Nxe6 fxe6 18. Ng4 Nc5 19. Ba2 Nc6 20. b4 axb4 21. cxb4 Nxb4 22. Nxh6+ gxh6 23. Qg4+ Qg7 24. Qxb4 Rf6 25. a5 Raf8 26. Re2 Rxf2 27. Rxf2 Qxa1+ 28. Bb1 Rxf2 29. Kxf2 Qf6+ 30. Kg1 Kf7 31. Qg4 Qg5 32. Qf3+ Ke7 33. Qc3 Qf6 34. Qe1 Qd4+ 35. Kh1 d5 36. Qc1 Kd6 37. Bc2 Qf6 38. Qb1 e5 39. Qb4 Qf1+ 0-1

[Event "January 2 Late 2024"]
[Site "https://www.chess.com"]
[Date "2024.01.02"]
[Round "4"]
[White "Ibarra Jerez, Jose Carlos"]
[Black "CamillaEffect"]
[Result "0-1"]
[Board "29"]
[TimeControl "180+1"]
[WhiteFideId "2226332"]
[WhiteElo "2901"]
[BlackElo "2628"]
[WhiteTeam "ESP"]
[WhiteClock "0:00:03"]
[BlackClock "0:00:04"]

1. e4 e5 2. Nf3 Nc6 3. Bb5 f5 4. Nc3 fxe4 5. Bxc6 bxc6 6. Nxe4 d5 7. Ng3 Bg4 8. h3 Bxf3 9. Qxf3 Nf6 10. O-O Bd6 11. d3 O-O 12. Bg5 h6 13. Bxf6 Qxf6 14. Qg4 Qf4 15. Qd7 Bc5 16. Nh1 Rf6 17. Rae1 Raf8 18. Qxc7 Qd2 19. Qxe5 Bxf2+ 20. Nxf2 Rxf2 21. Qe6+ Kh7 22. Qg4 Qxc2 23. Qg3 Rxf1+ 24. Rxf1 Rxf1+ 25. Kxf1 Qd1+ 26. Qe1 Qxd3+ 27. Kg1 Qd4+ 28. Kh2 Qxb2 29. Qe6 Qf6 30. Qd7 Qe5+ 31. Kh1 c5 32. h4 Qe4 33. Qd8 c4 34. h5 c3 35. Qc7 c2 36. Kh2 Qh4+ 37. Kg1 Qe1+ 38. Kh2 c1=Q 39. Qd6 Qh4# 0-1

[Event "January 2 Late 2024"]
[Site "https://www.chess.com"]
[Date "2024.01.02"]
[Round "4"]
[White "Mahdavi, Reza"]
[Black "Korchynskyi, Mykola"]
[Result "1-0"]
[Board "30"]
[TimeControl "180+1"]
[WhiteFideId "12595926"]
[BlackFideId "34138005"]
[WhiteElo "2859"]
[BlackElo "2586"]
[WhiteTeam "IRI"]
[BlackTeam "UKR"]
[WhiteClock "0:00:10"]
[BlackClock "0:00:01"]

1. e4 e6 2. d3 d5 3. Nd2 Nf6 4. Ngf3 Nc6 5. Be2 dxe4 6. dxe4 e5 7. c3 Bc5 8. O-O a6 9. Qc2 O-O 10. Nc4 Qe7 11. Be3 Bxe3 12. Nxe3 Be6 13. Bc4 Rfd8 14. Bxe6 Qxe6 15. a4 Na5 16. b4 Nc4 17. Nf5 Nd6 18. Ng5 Qc4 19. Ne3 Qc6 20. f3 Nc4 21. Nf5 Qb6+ 22. Kh1 g6 23. Qb3 gxf5 24. Qxc4 Rd7 25. exf5 Qe3 26. Qh4 Qxc3 27. Rac1 Qd2 28. Qh6 Rd6 29. Rxc7 Qe2 30. Rg1 Qd3 31. Rxf7 Ne8 32. Qxh7# 1-0

[Event "January 2 Late 2024"]
[Site "https://www.chess.com"]
[Date "2024.01.02"]
[Round "4"]
[White "Troff, Kayden"]
[Black "Lund, Gunnar"]
[Result "1-0"]
[Board "31"]
[TimeControl "180+1"]
[WhiteFideId "2047896"]
[BlackFideId "1520814"]
[WhiteElo "2792"]
[BlackElo "2582"]
[WhiteTeam "USA"]
[BlackTeam "NOR"]
[WhiteClock "0:00:06"]
[BlackClock "0:00:04"]

1. d4 d6 2. Nf3 Nf6 3. Bg5 Nbd7 4. e3 e5 5. Nc3 Be7 6. Bc4 O-O 7. O-O c6 8. dxe5 Nxe5 9. Nxe5 dxe5 10. Qf3 Bg4 11. Qg3 Bf5 12. Qxe5 Bxc2 13. Rac1 Bg6 14. Rfd1 Qe8 15. Qc7 Nd5 16. Rxd5 cxd5 17. Bxe7 dxc4 18. Bxf8 Qxf8 19. Qxc4 Rc8 20. Qb3 b6 21. Rd1 h6 22. h3 Qe7 23. Qd5 Kh7 24. Qd7 Qc5 25. Qxa7 Rc6 26. Qd7 Rf6 27. Qd4 Qf5 28. Rd2 Qg5 29. Ne4 Bxe4 30. Qxe4+ g6 31. g3 Qb5 32. Qd5 Qb4 33. Qd4 Qe7 34. h4 h5 35. Qd8 Qe5 36. Qd5 Qe7 37. Rd4 Qc7 38. Qd8 Qc1+ 39. Rd1 Qxb2 40. Qd2 Qe5 41. Qd4 Qe7 42. Rc1 Rd6 43. Qf4 Rd2 44. Rc7 Rd7 45. Rxd7 Qxd7 46. Kh2 Kg8 47. Qb8+ Kh7 48. Qxb6 Qd2 49. Qf6 Qxa2 50. e4 Kg8 51. e5 Qb2 52. Kg2 Qd4 53. Qf4 Qd5+ 54. Kh2 Qb3 55. Qf6 Qc3 56. Qg5 Qc2 57. Qe3 Qc4 58. Kg2 Qe6 59. Qe4 Kg7 60. Kf3 Kg8 61. Kg2 Kg7 62. f3 Qa2+ 63. Kh3 Qe6+ 64. g4 hxg4+ 65. fxg4 Qb3+ 66. Kg2 Qb2+ 67. Kg3 Qc3+ 68. Kf2 Qd2+ 69. Kf3 Qc3+ 70. Qe3 Qc6+ 71. Kg3 Qd5 72. Qf4 Qd3+ 73. Qf3 Qd4 74. Qf6+ Kg8 75. h5 Qe3+ 76. Kh4 Qe1+ 77. Kg5 gxh5 78. Kh6 Qe3+ 79. g5 Kf8 80. Qd8# 1-0

[Event "January 2 Late 2024"]
[Site "https://www.chess.com"]
[Date "2024.01.02"]
[Round "4"]
[White "Roberson, Peter T"]
[Black "Subelj, Jan"]
[Result "1-0"]
[Board "32"]
[TimeControl "180+1"]
[WhiteFideId "412384"]
[BlackFideId "14618583"]
[WhiteElo "2574"]
[BlackElo "2753"]
[WhiteTeam "ENG"]
[BlackTeam "SLO"]
[WhiteClock "0:00:07"]
[BlackClock "0:00:50"]

1. b3 e5 2. Bb2 Nc6 3. e3 Nf6 4. Bb5 Qe7 5. Ne2 Nd8 6. Ng3 c6 7. Be2 d5 8. O-O h5 9. f4 h4 10. fxe5 hxg3 11. exf6 Qe4 12. Bf3 gxh2+ 13. Kh1 Qh7 14. Nc3 Ne6 15. d4 gxf6 16. e4 dxe4 17. Nxe4 Be7 18. d5 cxd5 19. Nxf6+ Bxf6 20. Bxf6 Rg8 21. Qxd5 Rg6 22. Be4 Bd7 23. Qd6 Rxf6 24. Bxh7 Rxf1+ 25. Rxf1 O-O-O 26. Bf5 a6 27. Rd1 Nf8 28. Bxd7+ Nxd7 29. Qe7 Kc7 30. Kxh2 f6 31. Kg1 Kc6 32. Rd6+ Kc7 33. c4 Kc8 34. c5 Kc7 35. b4 b5 36. cxb6+ Kc8 37. b7+ Kc7 38. Rxd7+ Rxd7 39. Qxd7+ Kb8 40. Qc8+ Ka7 41. Qc7 a5 42. b5 f5 43. b8=N+ Ka8 44. Nc6 f4 45. b6 f3 46. b7# 1-0

[Event "January 2 Late 2024"]
[Site "https://www.chess.com"]
[Date "2024.01.02"]
[Round "4"]
[White "Samant Aditya S"]
[Black "Kochiev, Ivan"]
[Result "0-1"]
[Board "33"]
[TimeControl "180+1"]
[WhiteFideId "35080580"]
[BlackFideId "2917890"]
[WhiteElo "2732"]
[BlackElo "2557"]
[WhiteTeam "IND"]
[BlackTeam "BUL"]
[WhiteClock "0:00:59"]
[BlackClock "0:00:09"]

1. b3 d5 2. Bb2 Bg4 3. h3 Bh5 4. Nf3 Nd7 5. e3 Ngf6 6. c4 c6 7. Nc3 e5 8. Be2 a6 9. O-O Bd6 10. cxd5 Nxd5 11. Nh4 Bxe2 12. Qxe2 Qxh4 13. Qd3 Nc5 14. Qf5 Qf6 15. Qg4 Nxc3 16. Bxc3 h5 17. Qe2 Qe6 18. d4 Ne4 19. Bb2 exd4 20. Bxd4 Be5 21. Rfd1 O-O-O 22. Bxe5 Qxe5 23. Qf3 f5 24. Rac1 Rxd1+ 25. Rxd1 g5 26. Qe2 g4 27. h4 g3 28. f4 Qf6 29. Qd3 Rd8 30. Qc2 Rxd1+ 31. Qxd1 Qxh4 32. Qd4 Qh2+ 33. Kf1 Qh1+ 34. Ke2 Qxg2+ 35. Kd1 Qd2+ 36. Qxd2 Nxd2 37. Ke2 h4 38. e4 Nxe4 39. Kf3 h3 40. b4 g2 41. a4 g1=Q 42. b5 Qf2# 0-1

[Event "January 2 Late 2024"]
[Site "https://www.chess.com"]
[Date "2024.01.02"]
[Round "4"]
[White "Lewtak, Damian"]
[Black "Ankerst, Mihael"]
[Result "1-0"]
[Board "34"]
[TimeControl "180+1"]
[WhiteFideId "1141724"]
[BlackFideId "14602369"]
[WhiteElo "2726"]
[BlackElo "2374"]
[WhiteTeam "POL"]
[BlackTeam "SLO"]
[WhiteClock "0:00:12"]
[BlackClock "0:00:59"]

1. e4 c5 2. Nf3 Qb6 3. Nc3 Nc6 4. g3 e6 5. Bg2 d6 6. O-O Be7 7. Re1 Nf6 8. d3 O-O 9. b3 a6 10. Bb2 Bd7 11. h3 Rac8 12. Ne2 Rfd8 13. c4 Be8 14. g4 h6 15. Ng3 d5 16. exd5 exd5 17. Nf5 Bf8 18. Nxh6+ Kh7 19. Nf5 dxc4 20. Bxf6 Rxd3 21. Qb1 gxf6 22. Bf1 Kg8 23. Bxd3 cxd3 24. Qxd3 Nb4 25. Qc3 Bb5 26. Rad1 Nxa2 27. Qe3 Nb4 28. g5 Nc2 29. Qf4 Nxe1 30. Rxe1 fxg5 31. Nxg5 Qg6 32. Kh2 Bd7 33. Ne7+ Bxe7 34. Rxe7 Be8 35. Re3 Rd8 36. Rg3 Kf8 37. Qh4 Bd7 38. Nh7+ Ke8 39. Rxg6 fxg6 40. Nf6+ Ke7 41. Nd5+ Ke8 42. Qe7# 1-0